Map: Solaris LE

Players

Void

  • Race: Protoss Protoss
  • League: Grandmaster
  • Spawn Location: 7:00

analpirate - Winner!

  • Race: Protoss Protoss
  • League: Master
  • Spawn Location: 1:00

VOD

Have the link to the VOD?

Description

Time

  • Played on: Jan. 25, 2024, 9:28 p.m.
  • Length: 6:33
Show
View Real Time Build Order
Export as new Build Order

Void Protoss 

Build Orders:  

Get SALT Encoding   

  12  0:00  Probe (Chrono Boost)  
  13  0:11  Probe (Chrono Boost)  
  14  0:18  Pylon  
  14  0:20  Probe  
  15  0:36  Forge  
  15  0:52  Pylon  
  15  1:04  Pylon  
  15  1:12  Photon Cannon, Pylon  
  15  1:17  Pylon  
  15  1:22  Probe  
  15  1:31  Gateway  
  15  1:40  Probe (Chrono Boost)  
  15  1:43  Assimilator  
  16  1:49  Probe (Chrono Boost)  
  17  1:57  Probe  
  17  2:09  Probe (Chrono Boost)  
  18  2:20  Cybernetics Core  
  18  2:21  Probe (Chrono Boost)  
  19  2:29  Probe (Chrono Boost)  
  20  2:35  Probe  
  21  2:45  Nexus  
  21  2:57  Warp Gate (Chrono Boost)  
  20  2:58  Probe  
  21  3:11  Probe  
  22  3:15  Shield Battery  
  22  3:16  Stalker (Chrono Boost)  
  24  3:23  Probe  
  24  3:36  Probe  
  24  3:49  Probe (Chrono Boost)  
  25  3:57  Assimilator  
  25  3:59  Probe (Chrono Boost)  
  25  4:01  Gateway  
  27  4:07  Probe (Chrono Boost)  
  27  4:08  Probe (Chrono Boost)  
  28  4:11  Stalker  
  28  4:13  Probe x2 (Chrono Boost)  
  28  4:16  Pylon  
  32  4:27  Gateway, Probe  
  33  4:33  Probe  
  33  4:36  Shield Battery  
  34  4:40  Probe  
  35  4:46  Photon Cannon  
  35  4:51  Photon Cannon  
  35  4:56  Stalker  
  37  5:01  Stalker  
  39  5:16  Pylon  
  39  5:25  Pylon  
  38  5:31  Pylon  
  38  5:33  Pylon  
  24  5:46  Stalker x2  
  26  5:50  Stalker  
  26  5:51  Probe x2  
  28  6:10  Stalker  
Show
View Real Time Build Order
Export as new Build Order

analpirate Protoss - Winner!

Build Orders:  

Get SALT Encoding   

  12  0:00  Probe  
  13  0:13  Probe  
  14  0:17  Pylon  
  14  0:25  Probe (Chrono Boost)  
  16  0:37  Probe (Chrono Boost)  
  16  0:39  Gateway  
  16  0:43  Probe (Chrono Boost)  
  16  0:46  Assimilator  
  17  0:51  Probe  
  18  1:03  Probe  
  19  1:15  Probe  
  20  1:25  Zealot (Chrono Boost)  
  21  1:41  Probe  
  22  2:01  Cybernetics Core  
  22  2:03  Probe  
  22  2:07  Pylon  
  23  2:13  Assimilator  
  23  2:18  Pylon  
  23  2:25  Probe  
  24  2:35  Adept (Chrono Boost)  
  24  2:37  Probe  
  27  2:44  Gateway, Warp Gate  
  27  2:55  Probe  
  26  2:59  Gateway  
  26  3:06  Robotics Facility  
  26  3:09  Adept (Chrono Boost)  
  28  3:39  Pylon  
  28  3:52  Warp Prism (Chrono Boost)  
  28  3:53  Stalker x2  
  28  3:54  Stalker  
  34  4:04  Gateway  
  34  4:34  Stalker x2  
  34  4:35  Stalker  
  40  4:39  Pylon  
  40  4:44  Shield Battery  
  40  4:46  Observer  
  41  5:12  Stalker x4  
  43  5:35  Stalker x2  
  43  5:36  Stalker  
  42  5:50  Stalker  
  42  5:59  Stalker x2  
  44  6:07  Stalker  
  38  6:18  Stalker  
  34  6:27  Stalker x2  
Tags
 
Matchup
PvP
Spawn Locations
Cross Positions
Add a new tag
Caveats
  • Supply blocks, unpowered buildings, or Contaminate may cause inaccurate times.
  • Supply counts are checked every 10 seconds.